 Dungeon Crawl Stone Soup version 0.28.0-45-g0d030f2227 (webtiles) character file.

Game seed: 10801634969656598513

46 Peloso the Skirmisher (level 3, -2/34 HPs)
             Began as a Minotaur Fighter on Apr 5, 2022.
             Slain by an iguana (5 damage)
             ... on level 2 of the Dungeon.
             The game lasted 00:02:03 (1735 turns).

Peloso the Skirmisher (Minotaur Fighter)            Turns: 1735, Time: 00:02:04

Health: -2/34      AC:  7    Str: 20    XL:     3   Next: 44%
Magic:  2/2        EV:  9    Int:  5    God:
Gold:   61         SH:  5    Dex: 17    Spells: 2/2 levels left

rFire   . . .      SeeInvis .   a - +0 long sword
rCold   . . .      Faith    .   c - +0 buckler
rNeg    . . .      Spirit   .   b - +0 scale mail
rPois   .          Reflect  .   (helmet restricted)
rElec   .          Harm     .   (no cloak)
rCorr   .          Rampage  .   (no gloves)
Will    .....                   (no boots)
Stlth   ..........              (no amulet)
HPRegen 0.11/turn               g - +6 ring of dexterity
MPRegen 0.08/turn               (no ring)

@: no status effects
A: horns 2, retaliatory headbutt
a: no special abilities


You were on level 2 of the Dungeon.
You visited 1 branch of the dungeon, and saw 3 of its levels.

You collected 61 gold pieces.

Inventory:

Hand Weapons
 a - a +0 long sword (weapon)
Armour
 b - a +0 scale mail (worn)
 c - a +0 buckler (worn)
Jewellery
 g - a +6 ring of dexterity (left hand)
 l - a +6 ring of strength
 o - a +6 ring of strength
Scrolls
 f - 3 scrolls of teleportation {unknown}
 h - a scroll of vulnerability {unknown}
 k - a scroll of magic mapping {unknown}
 m - a scroll of summoning {unknown}
 n - a scroll of identify {unknown}
Potions
 d - a potion of might
 e - a potion of attraction {unknown}
 i - 2 potions of brilliance {unknown}
 j - 2 potions of curing {unknown}


   Skills:
 + Level 4.3 Fighting
 + Level 3.0 Long Blades
 + Level 4.1 Armour
 + Level 0.3 Dodging
 + Level 4.0 Shields


You had 2 spell levels left.
You didn't know any spells.
Your spell library contained the following spells:

 Spells                   Type           Power      Damage    Failure   Level
 Conjure Flame            Conj/Fire      0%         6-21      99%         3
 Ignite Poison            Fire/Tmut/Pois 0%         N/A       99%         3
 Sticky Flame             Conj/Fire      0%         2d3       100%        4


Dungeon Overview and Level Annotations

Branches:
Dungeon (3/15)

Altars:

Shops:
D:1 [


Innate Abilities, Weirdness & Mutations

You have a pair of horns on your head.
You reflexively headbutt those who attack you in melee.


Message History

Where to? (Enter - D:12, ? - help)
What level of the Dungeon? (default 1, ? - help)
There is a stone staircase leading down here.
You climb downwards.
Found a club.
There is a stone staircase leading up here.
A rat is nearby!
An iguana and a ball python come into view.
The iguana hisses angrily.
The ball python hisses angrily.
You hear an angry hiss.
You closely miss the ball python. The ball python barely misses you. x2
You closely miss the ball python.
The ball python bites you but does no damage.
The ball python grabs you. The ball python constricts you.
The iguana bites you.
A ball python comes into view.
The ball python bites you but does no damage.
The ball python constricts you.
You escape the ball python's grasp.
There is a stone staircase leading up here.
The ball python hisses angrily.
The iguana bites you!
You climb upwards.
There is a stone staircase leading down here.
You barely miss the iguana. The iguana closely misses you.
You hit the iguana. Your headbutt misses the iguana.
The iguana is lightly wounded.
The iguana closely misses you. The iguana bites you!
You hit the iguana.
The iguana is lightly wounded.
The iguana bites you but does no damage.
You hit the iguana but do no damage.
The iguana is lightly wounded.
The iguana bites you.
You hit the iguana.
The iguana is moderately wounded.
The iguana bites you!
* * * LOW HITPOINT WARNING * * *
The iguana bites you.
You die...

#.#############.#
#.............#.# #######
#..##########.#.# #.....# #..#
#.#.# #.....# ###..### #.#.#
#.....##### #......########.#.#
#.........# #..)..........#.#.#
#.....###.####......####<#.#.#.#
...............l@..#.....#.#.#.#
###.#.###.########.#.......#.#.#
###'#..)..# #.#########.#.#
......###.#### #...........#.#
......###....######'##########.#
.............'..#PP.PP#........#
......###....####PP.PP###########
......# #....# #P...P# #......
......# #....# #P...P# #.#####


You could see an iguana.

Vanquished Creatures
  An adder (D:2)
  A dart slug (D:1)
  2 endoplasms
  A giant cockroach (D:1)
  7 goblins
  5 hobgoblins
  2 jackals (D:2)
  A quokka (D:2)
  3 ball pythons
  3 bats
  3 kobolds
  3 rats
32 creatures vanquished.

Vanquished Creatures (others)
  4 plants (D:2)
  3 withered plants (D:2)
7 creatures vanquished.

Grand Total: 39 creatures vanquished

Notes
Turn   | Place    | Note
-------+----------+-------------------------------------------
     0 | D:1      | Peloso the Minotaur Fighter began the quest for the Orb.
     0 | D:1      | Reached XP level 1. HP: 19/19 MP: 0/0
    67 | D:1      | Reached XP level 2. HP: 5/27 MP: 1/1
   320 | D:1      | Found Fonausuw's Armour Emporium.
   964 | D:2      | Reached XP level 3. HP: 33/33 MP: 2/2
  1452 | D:2      | Found a faded altar of an unknown god.
  1735 | D:2      | Slain by an iguana

Illustrated notes

Levels and vault maps discovered:
D:1:      shiori_shiawase, layout_basic, serial_shops, nicolae_shop_waterfront,
          nrook_mini_vaults, kennysheep_crisscross
D:2:      layout_basic, shapermc_ecumenical_altar_flowoftime, minivault_26
D:3:      layout_basic

Skill      XL: |  1  2  3 |
---------------+----------+-----
Fighting       | 4 |  4.3
Armour         | 4 |  4.1
Shields        | 4 |  4.0
Long Blades    | 3 |  3.0
Dodging        | |  0.3

Action                   || total
-------------------------++-------
Melee: Long sword        ||    70
       Headbutt          ||    10
Armor: Scale mail        ||    40
Dodge: Dodged            ||    50
Block: Buckler           ||    16
